Cogmind - Beta 13 @@@ ROGUE MODE // 2024.05.05 @ 19:30:45 Player: mag Result: Destroyed by G-34 Mercenary with Small Laser Performance ------------- Evolutions (1) 500 Regions Visited (2) 400 Robots Destroyed (21) 105 Value Destroyed (473) 473 Prototype IDs (2) 40 Alien Tech Used (0) 0 Bonus (0) 0 TOTAL SCORE: 1518 Bonus ------- None Cogmind --------- Core Integrity 0/400 Matter 241/450 Energy 100/100 System Corruption 2% Temperature Cool (18) Movement Core (50) Location -9/Materials Parts ------- > --- POWER (1) -------- (None) > --- PROPULSION (2) --- (None) > --- UTILITY (4) ------ Large Matter Pod Visual Processing Unit > --- WEAPON (2) ------- (None) > --- INVENTORY (5) ---- Light Treads Datajack Mining Laser Peak State ------------ > --- POWER ------------ Light Ion Engine > --- PROPULSION ------- Light Treads Light Treads > --- UTILITY ---------- Small Storage Unit Structural Scanner Visual Processing Unit Seismic Detector > --- WEAPON ----------- Light Assault Rifle Grenade Launcher > --- INVENTORY -------- Light Treads Large Matter Pod Datajack Mining Laser [Rating: 10] Favorites ----------- Power Light Ion Engine Engine Light Ion Engine Propulsion Wheel Treads Light Treads Leg Aluminum Leg Wheel Wheel Utility Small Storage Unit Device Seismic Detector Storage Small Storage Unit Processor Visual Processing Unit Weapon Medium Laser Energy Gun Medium Laser Ballistic Gun Light Assault Rifle Ballistic Cannon Light Cannon Launcher Grenade Launcher Build | -11 -10 -9 ------- Run | Yrd Mat Mat Slots Evolved 2 | . . 2 Power . | . . . Propulsion . | . . . Utility 2 | . . 2 Weapon . | . . . Parts Attached 33 | 12 13 8 Power 3 | 2 1 . Engine 3 | 2 1 . Core . | . . . Reactor . | . . . Propulsion 10 | 5 3 2 Treads 5 | . 3 2 Leg 3 | 3 . . Wheel 2 | 2 . . Hover . | . . . Flight . | . . . Utility 13 | 2 6 5 Device 8 | 2 3 3 Storage 3 | . 2 1 Processor 2 | . 1 1 Hackware . | . . . Protection . | . . . Artifact . | . . . Weapon 7 | 3 3 1 Energy Gun 4 | 3 . 1 Energy Cannon . | . . . Ballistic Gun 1 | . 1 . Ballistic Cannon 1 | . 1 . Launcher 1 | . 1 . Special Weapon . | . . . Impact Weapon . | . . . Slashing Weapon . | . . . Piercing Weapon . | . . . Special Melee Weapon . | . . . Unidentified Prototypes . | . . . Parts Lost 13 | . 2 11 Power 2 | . 1 1 Propulsion 4 | . 1 3 Utility 4 | . . 4 Weapon 3 | . . 3 Highest Loss Streak 6 | . 2 6 To Critical Strikes . | . . . Average Slot Usage (%) 91 | . 95 81 Engine 8 | . 10 4 Treads 21 | . 20 21 Wheel 4 | . 6 . Device 12 | . 12 13 Storage 13 | . 13 12 Processor 5 | . 2 11 Energy Gun 4 | . 5 4 Ballistic Gun 10 | . 10 9 Ballistic Cannon 7 | . 11 . Launcher 1 | . . 3 Naked Turns . | . . . Heaviest Build 14 | 8 14 14 Greatest Support 40 | 20 40 40 Greatest Overweight (x) 3 | . 3 . Average Overweight (x) . | . . . Largest Inventory Capacity 8 | 5 8 8 Average Capacity 6 | 5 7 8 Most Carried 8 | 5 8 6 Average Carried 5 | 3 7 4 Final Capacity 8 | 5 8 5 Final Carried 7 | 5 7 3 Class Distribution -------------------- 100% | Mutant Dominant Class ---------------- Mutant | -10/Materials Mutant | -9/Materials Resources | -11 -10 -9 ----------- Run | Yrd Mat Mat Matter Collected 616 | 310 199 107 Remotely . | . . . Salvage Created 527 | 128 136 263 Parts 44 | 9 14 21 Haulers Intercepted . | . . . Recyclers Shooed . | . . . Parts Field Recycled . | . . . Retrieved Matter . | . . . Parts Self-Destructed . | . . . Prevented . | . . . Kills | -11 -10 -9 ------- Run | Yrd Mat Mat Combat Hostiles Destroyed 13 | 1 6 6 Guns 7 | 1 2 4 Cannons 4 | . 4 . AOE 2 | . . 2 Classes Destroyed 7 | 3 2 2 Worker 1 | 1 . . Builder 1 | . . 1 Tunneler 4 | 4 . . Watcher 2 | . 1 1 Swarmer 4 | . 4 . Grunt 8 | 1 2 5 Sentry 1 | . . 1 Best Kill Streak 3 | 2 3 3 Combat Bots Only 3 | 1 3 1 Max Kills in Single Turn 1 | 1 1 1 Gunslinging . | . . . Exploded 1 | . . 1 Melee . | . . . Uniques/NPCs Destroyed . | . . . Combat | -11 -10 -9 -------- Run | Yrd Mat Mat Hostile Shots Fired 217 | 5 77 135 Missed 62 | . 31 31 Damage Taken 1892 | 57 481 1354 Core 598 | 12 176 410 Absorbed by Shields . | . . . Core Remaining (%) 59 | 95 24 . Volleys Fired 92 | 13 29 50 Largest 2 | 2 2 2 Hottest 90 | 90 90 65 Shots Fired 128 | 26 46 56 Gun 98 | 26 20 52 Cannon 25 | . 25 . Launcher 5 | . 1 4 Special . | . . . Kinetic 85 | . 39 46 Thermal 32 | 26 6 . Explosive 5 | . 1 4 Electromagnetic 6 | . . 6 Robot Hit Streak 7 | 6 7 7 Robot Miss Streak 8 | 3 8 4 Penetration Max . | . . . Secondary Targets . | . . . Shots Hit Robots 66 | 12 22 32 Core Hits 39 | 7 11 21 Critical Kills . | . . . Critical Parts Destroyed 1 | . . 1 Critical Strikes 3 | 1 1 1 Burn 1 | 1 . . Destroy 1 | . . 1 Blast 1 | . 1 . Melee Attacks . | . . . Impact . | . . . Slashing . | . . . Piercing . | . . . Sneak Attacks . | . . . Combat Hostiles . | . . . Follow-up Attacks . | . . . Damage Inflicted 1013 | 143 313 557 Guns 546 | 143 127 276 Cannons 186 | . 186 . Explosions 281 | . . 281 Melee . | . . . Ramming . | . . . Kinetic 482 | . 267 215 Thermal 278 | 143 46 89 Explosive 192 | . . 192 Electromagnetic 61 | . . 61 Impact . | . . . Slashing . | . . . Piercing . | . . . Highest Corruption 2 | . . 2 Average Corruption 1 | . . 1 Corruption Purged . | . . . Corruption Blocked . | . . . Effects 6 | . . 6 Message Errors 3 | . . 3 Heat Flow Errors 2 | . . 2 Data Loss (major) 1 | . . 1 Overload Shots . | . . . Overflow Damage 28 | . . 28 Projectiles . | . . . Explosions 28 | . . 28 Melee . | . . . Knockbacks 3 | . 3 . Impact . | . . . Kinetic 3 | . 3 . Secondary . | . . . Self-Inflicted Damage 165 | . . 165 Shots 2 | . . 2 Rammed . | . . . Targets Rammed . | . . . Kicked . | . . . Crushed . | . . . Highest Temperature 160 | 70 102 160 Average Temperature 30 | 25 24 49 Received Heat Transfer 729 | 30 27 672 Siege Activations . | . . . Robots Corrupted . | . . . Combat Hostiles . | . . . Parts Fried . | . . . Impact Corruptions . | . . . Robots Melted . | . . . Combat Hostiles . | . . . Parts Melted 1 | 1 . . Heat Transferred 706 | 482 124 100 Parts Sabotaged . | . . . Parts Stolen . | . . . Parts Stripped . | . . . Power Chain Reactions 2 | . . 2 Alert | -11 -10 -9 ------- Run | Yrd Mat Mat Peak Influence 291 | 30 169 291 Initial 70 | . 3 70 Average 53 | 7 59 160 Maximum Alert Level 1 | . . 1 Low Security (%) 92 | 100 100 56 Level 1 7 | . . 43 Level 2 . | . . . Level 3 . | . . . Level 4 . | . . . Level 5 . | . . . High Security . | . . . Max Security . | . . . Squads Dispatched 4 | . 2 2 Investigation 2 | . 2 . Extermination . | . . . Reinforcement 2 | . . 2 Assault . | . . . Garrison . | . . . Intercept . | . . . Searches Triggered . | . . . Construction Impeded 1 | . . 1 Haulers Reinforced . | . . . Active Scanning Responses . | . . . Cargo Convoy Interrupts . | . . . Stealth | -11 -10 -9 --------- Run | Yrd Mat Mat Distress Signals 2 | . . 2 Communications Jammed . | . . . Distress Signals . | . . . Times Spotted 35 | 1 18 16 Peak Tracking Total 5 | 1 5 5 Tactical Retreats 3 | . 2 1 Traps | -11 -10 -9 ------- Run | Yrd Mat Mat Traps Triggered 3 | . 1 2 Indirectly . | . . . Trap Hack Attempts . | . . . Triggered . | . . . Disarmed . | . . . Reprogrammed . | . . . Reused . | . . . Traps Extracted . | . . . Installed . | . . . Triggered . | . . . Machines | -11 -10 -9 ---------- Run | Yrd Mat Mat Machines Disabled 5 | . . 5 Max in Single Turn 3 | . . 3 Machines Repaired . | . . . Machines Dismantled . | . . . Machines Sabotaged . | . . . Overloaded Fab Kills . | . . . Hacking | -11 -10 -9 --------- Run | Yrd Mat Mat Machines Accessed 5 | . 4 1 Terminals 4 | . 4 . Fabricators . | . . . Repair Stations . | . . . Recycling Units 1 | . . 1 Scanalyzers . | . . . Garrison Access . | . . . Total Hacks 15 | . 12 3 Successful 7 | . 4 3 Failed 8 | . 8 . Catastrophic 2 | . 2 . Database Lockouts . | . . . Manual 1 | . 1 . Terminals 12 | . 12 . Fabricators . | . . . Repair Stations . | . . . Recycling Units 3 | . . 3 Scanalyzers . | . . . Garrison Access . | . . . Terminal Hacks 4 | . 4 . Record 3 | . 3 . Prototype ID Bank 1 | . 1 . Fabricator Hacks . | . . . Repair Station Hacks . | . . . Recycling Unit Hacks 3 | . . 3 Recycle Component 1 | . . 1 Report Inventory 1 | . . 1 Retrieve Components 1 | . . 1 Scanalyzer . | . . . Garrison Access Hacks . | . . . Unauthorized Hacks . | . . . Terminals . | . . . Fabricators . | . . . Repair Stations . | . . . Recycling Units . | . . . Scanalyzers . | . . . Garrison Access . | . . . Data Cores Recovered . | . . . Used . | . . . Hacking Detections 5 | . 4 1 Full Trace Events 2 | . 2 . Feedback Events . | . . . Feedback Blocked . | . . . Robot Schematics Acquired . | . . . Robots Built . | . . . Authchips . | . . . Time . | . . . Total Robot Build Rating . | . . . Part Schematics Acquired . | . . . Parts Built . | . . . Authchips . | . . . Time . | . . . Total Part Build Rating . | . . . Parts Repaired . | . . . Time . | . . . Parts Recycled 1 | . . 1 Recycled Matter . | . . . Retrieved Matter . | . . . Retrieved Components 2 | . . 2 Parts Scanalyzed . | . . . Part Schematics Acquired . | . . . Parts Damaged . | . . . Bothacking | -11 -10 -9 ------------ Run | Yrd Mat Mat Used RIF Installer . | . . . Robots Hacked . | . . . Non-combat . | . . . Combat . | . . . Robot Hacks Applied . | . . . Relay Couplers Released . | . . . Fabnet Peak Effective % . | . . . Robots Rewired . | . . . Allies Hacked . | . . . Hacks Repelled . | . . . Allies | -11 -10 -9 -------- Run | Yrd Mat Mat Total Allies . | . . . Largest Group . | . . . Highest-Rated Group . | . . . Highest-Rated Ally . | . . . Total Orders . | . . . Ally Attacks . | . . . Total Damage . | . . . Kills . | . . . Allies Corrupted . | . . . Allies Melted . | . . . Intel | -11 -10 -9 ------- Run | Yrd Mat Mat Robot Analysis Total . | . . . Derelict Logs Recovered . | . . . Drone Launches . | . . . Drone Recoveries . | . . . Exploration | -11 -10 -9 ------------- Run | Yrd Mat Mat Turns Passed 2976 | 1375 1088 513 Spaces Moved 1859 | 890 748 221 Core 33 | 32 1 . Treads 689 | . 468 221 Legs 114 | 114 . . Wheels 1023 | 744 279 . Hover . | . . . Flight . | . . . Fastest Speed 50 | 50 80 160 Average Speed 111 | 84 130 160 Slowest Speed 200 | 120 200 160 Overloaded Moves . | . . . Propulsion Burnouts . | . . . Robots Hopped . | . . . Cave-ins Triggered . | . . . Exploration Rate (%) 34 | 18 71 14 Regions Visited 2 Branch Regions . Pre-discovered Areas . | . . . Known Exits Taken . | . . . Unknown Exits Taken 2 | 1 1 . Scrap Searched . | . . . Spaces Dug 8 | . 8 . Terrain Destroyed 45 | . 8 37 Melee . | . . . Projectile . | . . . AOE 45 | . 8 37 Terrain Rammed . | . . . Walls Destroyed . | . . . Machines Disabled . | . . . Actions | -11 -10 -9 --------- Run | Yrd Mat Mat Total 2643 | 1491 819 333 Wait 607 | 555 2 50 Move 1857 | 889 747 221 Hop . | . . . Pick Up 35 | 17 14 4 Fast Attach 4 | . 4 . Attach 18 | 9 3 6 Detach . | . . . Swap 11 | 3 6 2 Drop 19 | 5 14 . Fire 92 | 13 29 50 Melee . | . . . Ram . | . . . Kick . | . . . Crush . | . . . Escape Stasis . | . . . Rewire . | . . . Trap . | . . . Miscellaneous . | . . . Route ------- -11/Scrapyard -10/Materials (discovered 3 exits: *Mat x2 / [*Min]) -9/Materials History --------- Turn | Location | Event 2 | -11/Scrapyard | Met Revision 17 139 | -11/Scrapyard | Discovered new exit (range 8) 1376 | -11/Scrapyard | Entered Materials 1377 | -10/Materials | Build established: Mutant 1419 | -10/Materials | Discovered new exit (range 11) 1908 | -10/Materials | Core integrity fell below 50% 1977 | -10/Materials | Discovered new exit (range 15) 2217 | -10/Materials | Discovered new exit (range 15) 2464 | -10/Materials | Entered another Materials area 2464 | -9/Materials | Evolved 2 slots: Utility x2 2765 | -9/Materials | Lost 3 parts (1n2u) 2951 | -9/Materials | Core integrity fell below 50% 2975 | -9/Materials | Core integrity fell below 20% 2977 | -9/Materials | Destroyed by G-34 Mercenary with Small Laser Last Messages --------------- G-34 Mercenary destroyed. R-06 Scavenger collects Ion Engine. System corrupted: Heat flow error (+186). Chain reaction triggered in Ion Engine. G-34 Mercenary destroyed. Acquired 19 matter. Acquired Heat Sink. G-34 Mercenary suffers critical hit (Destroy). Destroyed Sml. Laser. INLRV2CU7YZ DF8QJNH|RT %SD297GKNHD 5H4: M-13 Machinist repairs G-34 Mercenary. Lgt. Assault Rifle destroyed. EM Shotgun destroyed. System corrupted: Substantial component data lost. Lgt. Treads destroyed. Heat Sink destroyed. Lgt. Treads destroyed. Sml. Storage Unit destroyed. [Achievement: First Step to Greatness] Map ----- +----------------------------------------------------+ | ?????????????????## """#### ######? | | ?????????????????## "" ####+######? | | ?????????????????## ##? | | ???????????? ? ## = # """ ##? | | ???????????? ###+##+### """ ##? | | ???????? # %=[# """ ##? | | ???????? + + ##? | | ???????? # # ##? | | ???????? # # ""T"" ##? | | ???????? # # """"" ##? | | ???????? # # ##? | | ????????########## # #########? | | ????????########## # #########? | | ??????????????##" % # ##???????? | | ??????????????##" g # ##???????? | | ??????????????##" g #########??? | | ??????????????#### g#""######??? | | ??????????????#### # [ ##??? | | ????????????????####"## g #= " ##??? | | ????????????????#######g # "" ##??? | | ??????????????????##### ^# """ ##??? | | ?????????????????????## # ##??? | | ?????????????????????## + ####? | | ?????????????????????## ###########? | | ?????????????????????## # ##? | | ?????????????????????## @# ##? | | ?????????????????????## # ##? | | ?????????????????????## + ##? | | ?????????????????????## # ##? | | ?????????????????????## # ##? | | ?????????????????????## # ##? | | ?????????????????????## # ##? | | ?????????????????????## # ##? | | ?????????????????????## ###########? | | ?????????????????????## # ####? | | ?????????????????????## # ##??? | | ???????????############ # ##??? | | ???????????############ + ##??? | | ???????????## #a # ##??? | | ???????????## """" #a # ##??? | | ???????????## ""R" ;= #########??? | | ???????????## "" " ;[ #########??? | | ???????????## " ##?????????? | | ???????????## # ##?????????? | | ???????????## # ##?????????? | | ???????????## ######?????????? | | ???????????#################?????????? | | ???????????#############?????????????? | | ?????????????????????????????????????? | | ?????????????????????????????????????? | +----------------------------------------------------+ Best States ------------- Heat Dissipation 38 Energy Generation 10 Energy Capacity 125 Matter Stores 300 Matter Capacity 450 Sight Range 18 Robot Scan Range 14 Terrain Scan Range 16 Terrain Scan Density 10 Evasion (%) 55 Targeting Accuracy 5 Recoil Reduction 2 Item Schematics ----------------- None Robot Schematics ------------------ None Fabricated ------------ Nothing Alien Tech Used ----------------- None Achievements -------------- First Step to Greatness One Hack Too Far Storm Trooper Uninvited Guest Challenges ------------ None Game ------ Seed PlatingThrowingNeutralizer Manual? 0 Play Time 00:39:23 Cumulative 0.6 hours Start 2024.05.05 @ 18:48:53 End 2024.05.05 @ 19:30:45 Sessions 1 Manual Loads 0 Difficulty Rogue Special Mode None Game No. 1 Rogue 1 Adventurer 0 Explorer 0 Win Type - Total 0 Types 0/0/0/0/0/0/0/0/0 Lore% 0 Gallery% 2 Achievement% 1 Wizard Run 0 Options --------- Layout 1 ASCII 0 Keyboard 0 Movement Arrows Keybinds 0 Fullscreen 2 Font 24/Smallcaps Map View 50x35 Zoom Use 0% Tactical HUD 0 Map Filters NONE Filters NONE Steam 1 RUN: b8add516-bd72-4960-b0e8-a8284a0b3001